 Dungeon Crawl Stone Soup version 0.24.0-2-g5b39cebb1c (webtiles) character file.

Game seed: 17322953196734090985, levelgen mode: deterministic

1571 Mrkan the Cleaver (level 8, -3/71 HPs)
             Began as a Hill Orc Fighter on Oct 29, 2019.
             Was a Believer of Dithmenos.
             Killed by nerve-wracking pain
             ... invoked by an orc priest
              (13 damage)
             ... on level 7 of the Dungeon.
             The game lasted 00:09:14 (5014 turns).

Mrkan the Cleaver (Hill Orc Fighter)                Turns: 5014, Time: 00:09:15

Health: -3/71      AC: 15    Str: 20    XL:     8   Next: 90%
Magic:  8/8        EV:  4    Int:  8    God:    Dithmenos [**....]
Gold:   346        SH: 10    Dex: 11    Spells: 7/7 levels left

rFire    . . .     SeeInvis +   a - +0 war axe
rCold    . . .     Gourm    .   c - +0 shield
rNeg     . . .     Faith    .   o - +0 plate armour
rPois    .         Spirit   .   g - +0 helmet {SInv}
rElec    .         Reflect  .   q - +0 cloak
rCorr    .         Harm     .   (no gloves)
MR       .....                  (no boots)
Stlth    ..........             (no amulet)
HPRegen  0.21/turn              (no ring)
MPRegen  0.11/turn              (no ring)

@: flying, wreathed by umbra
A: no striking features
a: Shadow Step, Renounce Religion, Convert to Beogh


You were on level 7 of the Dungeon.
You worshipped Dithmenos.
Dithmenos was pleased with you.
You were not hungry.

You visited 1 branch of the dungeon, and saw 7 of its levels.

You collected 346 gold pieces.

Inventory:

Hand Weapons
 a - a +0 war axe (weapon)
Armour
 c - a +0 shield (worn)
 g - a +0 helmet of see invisible (worn)
 o - a +0 plate armour (worn)
 q - a +0 cloak (worn)
Jewellery
 e - an uncursed ring of protection from fire {unknown}
 h - a +5 amulet of reflection {unknown}
 j - a cursed -2 ring of strength {unknown}
 k - an uncursed ring of protection from cold {unknown}
 B - an uncursed ring of wizardry {unknown}
Wands
 w - a wand of paralysis (7)
 y - a wand of random effects (10)
 A - a wand of acid (10)
Scrolls
 d - a scroll of enchant armour {unknown}
 i - 2 scrolls of blinking {unknown}
 l - a scroll of fear {unknown}
 m - 2 scrolls of remove curse {unknown}
 p - 6 scrolls of identify {unknown}
 r - 3 scrolls of teleportation {unknown}
 u - 2 scrolls of immolation {unknown}
Potions
 b - a potion of flight
 n - a potion of curing {unknown}
 s - a potion of lignification {unknown}
 t - a potion of might
 v - a potion of agility {unknown}
 x - a potion of ambrosia {unknown}
Comestibles
 f - 9 rations


   Skills:
 + Level 6.8 Fighting
 * Level 9.3 Axes
 + Level 6.2 Armour
 + Level 6.2 Shields


You had 7 spell levels left.
You didn't know any spells.
Your spell library contained the following spells:

 Spells                   Type           Power        Failure   Level  Hunger
 Confusing Touch          Hex            #.....       100%        1    ##.....
 Corona                   Hex            #......      100%        1    ##.....
 Shock                    Conj/Air       #...         100%        1    ##.....
 Ensorcelled Hibernation  Hex/Ice        #.....       100%        2    ###....
 Swiftness                Chrm/Air       #.......     100%        2    ###....
 Confuse                  Hex            #.......     100%        3    ####...
 Dazzling Spray           Conj/Hex       #.....       100%        3    ####...
 Gell's Gravitas          Tloc           #.........   100%        3    ####...
 Static Discharge         Conj/Air       #.......     100%        3    ####...
 Tukima's Dance           Hex            #.......     100%        3    ####...
 Airstrike                Air            #.........   100%        4    #####..
 Petrify                  Tmut/Erth      #.......     100%        4    #####..
 Lightning Bolt           Conj/Air       #.........   100%        5    ######.
 Metabolic Englaciation   Hex/Ice        #.........   100%        5    ######.
 Yara's Violent Unravell  Hex/Tmut       #.........   100%        5    ######.


Dungeon Overview and Level Annotations

Branches:
Dungeon (7/15)             Temple (0/1) D:6

Altars:
Dithmenos
Fedhas
Gozag
Hepliaklqana
Kikubaaqudgha
Qazlal
Ru
Uskayaw
Vehumet
Wu Jian
Yredelemnul

Shops:
D:5 :


Message History

Things that are here:
a +1 vampiric trident; a +0 chain mail It was a potion of flight.
You feel very buoyant.
You fly up into the air.
You block the orc priest's attack.
Found a hide-covered altar of Uskayaw.
You hit the orc priest.
The orc priest is moderately wounded.
You block the orc priest's attack.
You hit the orc priest.
The orc priest is heavily wounded.
The orc priest mumbles some strange prayers to Beogh against you.
Pain shoots through your body!
* * * LOW HITPOINT WARNING * * *
You barely miss the orc priest.
The orc priest is moderately wounded.
The orc priest invokes the aid of Beogh against you.
Pain shoots through your body!
You die...

..#.... #...... ..#....
#..... ....._ ..... #....
#... ## #.... #.. ..# ...
#.#####...
#.####o####.........
#......@)......# ###
#....#..[####'###
..######+#....#####......#
.........................+
.........................#
................)........#
..................)......#
.........................#
#....##+###+#####'#......#


You could see an orc priest.

Vanquished Creatures
  Eustachio (D:6)
  An orc warrior (D:7)
  2 ice beasts
  2 centaurs (D:5)
  3 bullfrogs
  2 scorpions
  A howler monkey (D:5)
  A crimson imp (D:6)
  A bullfrog zombie (D:6)
  A centaur zombie (D:6)
  A hound (D:4)
  2 orc priests
  A centaur skeleton (D:4)
  An iguana (D:5)
  Ijyb (D:4)
  8 worker ants
  A worker ant zombie (D:6)
  Robin (D:4)
  3 gnolls (D:6)
  4 adders
  A shadow imp (D:6)
  An ooze (D:2)
  3 worms
  A dart slug (D:1)
  A leopard gecko (D:3)
  6 orcs
  3 giant cockroaches
  20 goblins
  7 hobgoblins
  13 jackals
  8 kobolds
  7 quokkas
  6 bats
  3 frilled lizards
  A jackal zombie (D:6)
  A leopard gecko zombie (D:6)
  A quokka skeleton (D:5)
  12 rats
133 creatures vanquished.

Notes
Turn   | Place    | Note
-------+----------+-------------------------------------------
     0 | D:1      | Mrkan the Hill Orc Fighter began the quest for the Orb.
     0 | D:1      | Reached XP level 1. HP: 19/19 MP: 1/1
   101 | D:1      | Reached skill level 3 in Axes
   136 | D:1      | Reached XP level 2. HP: 25/27 MP: 2/2
   634 | D:2      | Found an opulent altar of Gozag.
   646 | D:2      | Found a shadowy altar of Dithmenos.
   651 | D:2      | Found a hazy altar of Hepliaklqana.
   656 | D:2      | Found an ancient bone altar of Kikubaaqudgha.
   776 | D:2      | Reached XP level 3. HP: 21/33 MP: 3/3
  1185 | D:2      | Reached skill level 4 in Axes
  1291 | D:2      | Became a worshipper of Dithmenos the Shadowed
  1318 | D:3      | Found a basalt altar of Yredelemnul.
  1325 | D:3      | Reached XP level 4. HP: 40/40 MP: 4/4
  1496 | D:3      | Noticed an ice beast
  1513 | D:3      | Killed an ice beast
  1513 | D:3      | Reached skill level 5 in Axes
  1513 | D:3      | Reached XP level 5. HP: 10/47 MP: 5/5
  1799 | D:3      | You fall into a shaft and drop 2 floors!
  1799 | D:5      | Entered Level 5 of the Dungeon
  1958 | D:3      | Reached * piety under Dithmenos
  2187 | D:3      | Found a radiant altar of Vehumet.
  2251 | D:4      | Found a blossoming altar of Fedhas.
  2278 | D:4      | Reached XP level 6. HP: 51/55 MP: 6/6
  2297 | D:4      | Found a stormy altar of Qazlal.
  2426 | D:4      | Noticed Robin
  2440 | D:4      | Killed Robin
  2608 | D:4      | Reached skill level 5 in Fighting
  2837 | D:4      | Noticed Ijyb
  2842 | D:4      | Reached skill level 6 in Axes
  2858 | D:4      | Killed Ijyb
  3156 | D:5      | Found Burpher's Book Boutique.
  3190 | D:5      | Reached XP level 7. HP: 55/61 MP: 7/7
  3403 | D:5      | Reached skill level 5 in Armour
  3576 | D:5      | Reached skill level 7 in Axes
  3576 | D:5      | Reached skill level 5 in Shields
  3726 | D:5      | Reached XP level 8. HP: 30/70 MP: 8/8
  3946 | D:5      | Found a sacrificial altar of Ru.
  4202 | D:6      | Reached skill level 8 in Axes
  4207 | D:6      | Reached ** piety under Dithmenos
  4251 | D:6      | Found a staircase to the Ecumenical Temple.
  4518 | D:6      | Noticed Eustachio
  4532 | D:6      | Killed Eustachio
  4891 | D:7      | Found an ornate altar of the Wu Jian Council.
  4959 | D:7      | Reached skill level 9 in Axes
  5011 | D:7      | Found a hide-covered altar of Uskayaw.
  5014 | D:7      | Killed from afar by an orc priest

Levels and vault maps discovered:
D:1:      saegor_arrival_simple_e, layout_loops_ring, grunt_decor_arrowhead
D:2:      layout_rooms, grunt_temple_overflow_cloverleaf
D:3:      layout_rooms, lemuel_coloured_pillars_altar, lemuel_crystal_altar,
          first_ration
D:4:      kennysheep_goblin_castle, layout_loops_ring,
          grunt_temple_overflow_forces_of_nature, uniq_robin
D:5:      layout_basic, nicolae_ru_awakened_eye, serial_shops, shop
D:6:      layout_basic, minmay_temple_entry_proselytizer, uniq_eustachio
D:7:      layout_gridville, kennysheep_mini_moat, old_standard_altar,
          chequers_serial_rivers_large_b, lemuel_mausoleum_altar_yredelemnul,
          uniq_menkaure, uniq_joseph

Skill      XL: |  1  2  3  4  5  6  7  8 |
---------------+-------------------------+-----
Axes           | 3 4 5 6 7 9 |  9.3
Fighting       | 4 5 6 |  6.8
Armour         | 4 5 6 |  6.2
Shields        | 4 5 6 |  6.2

Action                   |  1- 3 |  4- 6 |  7- 9 || total
-------------------------+-------+-------+-------++-------
Melee: War axe           |   111 |   177 |   238 ||   526
  Use: Potion            |       |     1 |     1 ||     2
  Eat: Chunk             |     1 |     6 |     7 ||    14
Armor: Scale mail        |    41 |       |       ||    41
       Plate armour      |    22 |   118 |   130 ||   270
Dodge: Dodged            |    37 |    39 |    38 ||   114
Block: Shield            |    56 |    98 |   138 ||   292
